Map: Selva profunda EE

Players

MrFercho

  • Race: Terran Terran
  • League: Silver
  • Spawn Location: 3:00

tigro

  • Race: Terran Terran
  • League: Bronze
  • Spawn Location: 1:00

TATORREA

  • Race: Protoss Protoss
  • League: Silver
  • Spawn Location: 1:00

Nintendoss - Winner!

  • Race: Terran Terran
  • Spawn Location: 7:00

moe - Winner!

  • Race: Terran Terran
  • Spawn Location: 7:00

Drakenfire - Winner!

  • Race: Zerg Zerg
  • League: Gold
  • Spawn Location: 7:00

VOD

Have the link to the VOD?

Description

Time

  • Played on: May 20, 2020, 8:26 p.m.
  • Length: 12:19
Show
View Real Time Build Order
Export as new Build Order

MrFercho Terran 

Build Orders: 2 Factory 

Get SALT Encoding   

  12  0:02  SCV  
  13  0:15  Supply Depot  
  13  0:20  SCV  
  14  0:28  Refinery  
  14  0:32  SCV  
  15  0:56  Barracks  
  16  0:57  SCV  
  16  1:09  SCV  
  17  1:19  Refinery  
  17  1:21  SCV  
  17  1:23  Supply Depot  
  18  1:33  SCV  
  19  1:48  Supply Depot  
  19  1:56  SCV  
  20  2:11  Supply Depot  
  20  2:13  Orbital Command  
  20  2:34  Factory  
  20  2:38  Reaper  
  21  3:10  Reaper  
  21  3:11  Supply Depot  
  22  3:19  Factory  
  22  3:22  Factory Tech Lab  
  22  3:28  Command Center  
  22  3:34  Supply Depot  
  22  3:37  SCV  
  23  3:49  SCV  
  24  4:01  SCV  
  25  4:41  Widow Mine x2  
  29  5:02  Widow Mine x2  
  33  5:23  Widow Mine  
  33  5:24  Widow Mine  
  35  6:05  Armory  
  35  6:07  SCV  
  36  6:19  SCV  
  37  6:27  Refinery  
  37  6:28  Refinery  
  37  6:31  SCV  
  38  6:39  Orbital Command  
  38  6:43  SCV  
  39  6:50  Widow Mine  
  39  6:51  Widow Mine  
  43  6:55  SCV  
  44  7:10  Supply Depot, Starport  
  44  7:11  Widow Mine  
  44  7:12  Drilling Claws, Widow Mine  
  48  7:33  Supply Depot, Widow Mine x2  
  48  7:34  SCV  
  53  7:46  SCV  
  53  7:47  Starport  
  53  7:48  SCV  
  55  7:54  Widow Mine, Liberator  
  55  7:55  Widow Mine  
  55  7:56  Supply Depot  
  55  7:58  SCV  
  63  8:00  SCV  
  64  8:10  SCV, Fusion Core  
  64  8:11  Terran Vehicle Weapons Level 1  
  64  8:12  SCV  
  66  8:16  Widow Mine x2  
  70  8:22  SCV  
  70  8:24  SCV  
  72  8:36  SCV  
  73  8:47  Liberator  
  76  8:54  Factory  
  76  9:00  Starport Tech Lab  
  41  9:29  Liberator  
  44  9:36  Widow Mine  
  44  9:37  Widow Mine x2  
  50  9:58  Widow Mine x2  
  50  9:59  Widow Mine  
  56  10:08  SCV  
  57  10:19  Widow Mine  
  57  10:20  SCV, Widow Mine x2  
  64  10:32  SCV, Command Center  
  64  10:35  Supply Depot  
  65  10:40  Widow Mine  
  65  10:41  Widow Mine x2  
  71  10:44  SCV  
  70  10:56  SCV  
  71  10:57  Supply Depot  
  71  11:02  Widow Mine x2  
  71  11:03  Widow Mine  
  58  11:21  Supply Depot  
  58  11:23  Widow Mine  
  58  11:24  Widow Mine  
  62  11:32  Liberator  
  68  11:45  Widow Mine  
Show
View Real Time Build Order
Export as new Build Order

tigro Terran 

Build Orders:  

Get SALT Encoding   

  12  0:02  SCV  
  13  0:14  SCV  
  13  0:20  Supply Depot  
  14  0:26  SCV  
  15  0:32  Refinery  
  15  0:42  SCV  
  16  0:55  Barracks  
  16  0:57  SCV  
  17  1:10  SCV  
  18  1:13  Refinery  
  18  1:22  SCV  
  19  1:25  Supply Depot  
  19  1:34  SCV  
  20  1:43  Marine  
  20  1:46  SCV  
  22  2:01  Marine  
  22  2:04  Barracks  
  23  2:12  SCV  
  24  2:19  Marine  
  25  2:24  SCV, Engineering Bay  
  26  2:36  SCV  
  27  2:37  Marine  
  28  2:54  Marine  
  29  3:02  Barracks Tech Lab  
  29  3:16  Barracks Tech Lab  
  29  3:34  Orbital Command, Factory  
  29  3:38  Marauder  
  29  3:40  Combat Shield  
  31  3:42  Stimpack  
  31  4:19  Marauder, Marine  
  34  4:36  Marine  
  25  4:41  Marauder, Factory Tech Lab  
  27  4:48  SCV  
  28  4:54  Marine  
  28  4:58  Concussive Shells  
  27  5:00  SCV  
  27  5:02  Marauder  
  27  5:12  SCV  
  28  5:23  Marauder  
  28  5:25  SCV  
  31  5:37  SCV  
  32  5:49  SCV  
  33  6:01  SCV  
  34  6:07  Command Center  
  16  7:09  Siege Tank  
  16  7:12  Marine  
  16  7:14  Marine  
  21  7:20  Refinery  
  21  7:29  SCV, Marine  
  22  7:32  Marine  
  24  7:41  SCV x2, Siege Tank  
  29  7:47  Marine  
  29  7:50  Marine  
  31  7:53  SCV  
  32  8:01  Starport  
  32  8:05  SCV, Marine  
  34  8:08  Marine  
  35  8:14  Siege Tank  
  35  8:17  SCV  
  39  8:26  Marine  
  40  8:31  Planetary Fortress  
  40  8:42  Refinery  
  40  8:46  Siege Tank  
  43  9:03  Starport Tech Lab  
  43  9:10  Fusion Core  
  43  9:18  Siege Tank  
  46  9:29  Medivac  
  48  9:43  SCV  
  49  9:55  SCV  
  50  10:07  SCV  
  51  10:15  Armory  
  51  10:16  Weapon Refit  
  51  10:19  SCV, Battlecruiser  
  58  10:31  SCV  
  24  11:04  Marine  
  24  11:08  Marine  
  25  11:16  Siege Tank  
  28  11:22  Marine  
  35  11:26  Marine  
  36  11:40  Marine  
  36  11:44  Marine  
  38  11:58  Marine  
Show
View Real Time Build Order
Export as new Build Order

TATORREA Protoss 

Build Orders:  

Get SALT Encoding   

  12  0:01  Probe  
  13  0:20  Probe  
  14  0:27  Pylon  
  14  0:32  Probe  
  15  0:36  Assimilator  
  15  0:45  Probe  
  16  1:04  Gateway  
  16  1:07  Gateway  
  16  1:08  Probe  
  17  1:18  Pylon  
  17  1:21  Probe  
  18  1:33  Probe  
  19  1:45  Probe  
  20  2:08  Cybernetics Core  
  20  2:10  Forge  
  20  2:14  Pylon  
  20  2:18  Pylon  
  20  2:28  Nexus  
  20  2:34  Zealot  
  22  2:37  Zealot  
  24  2:53  Protoss Ground Weapons Level 1  
  24  3:01  Warp Gate  
  24  3:04  Stalker  
  24  3:05  Stalker  
  28  3:17  Assimilator  
  28  3:18  Probe  
  29  3:30  Probe  
  30  3:34  Stalker  
  30  3:36  Stalker  
  34  3:42  Probe  
  35  4:01  Probe x2  
  37  4:13  Probe x2  
  37  4:14  Pylon  
  39  4:18  Pylon  
  24  4:25  Probe x2  
  21  5:15  Probe x2  
  23  5:27  Probe x2  
  25  5:39  Probe x2  
  27  5:51  Probe  
  27  5:52  Probe  
  29  6:03  Probe  
  29  6:04  Probe  
  19  6:15  Probe  
  19  6:16  Probe  
  21  6:27  Probe  
  21  6:28  Probe  
  23  6:37  Stalker x2  
  28  6:40  Probe x2  
  29  6:52  Probe x2  
  31  7:02  Stalker x2  
  31  7:04  Probe x2  
  37  7:16  Probe x2  
  39  7:25  Assimilator  
  39  7:27  Assimilator  
  39  7:28  Probe x2  
  41  7:40  Probe x2  
  41  7:43  Protoss Air Weapons Level 1  
  43  7:46  Stalker  
  43  7:47  Stalker  
  47  7:52  Probe  
  47  7:53  Probe  
  49  7:59  Stargate  
  49  8:04  Probe  
  49  8:05  Probe  
  51  8:14  Stargate  
  51  8:16  Probe  
  51  8:17  Probe  
  53  8:29  Probe x2  
  55  8:35  Stalker  
  55  8:36  Stalker  
  55  8:38  Protoss Ground Armor Level 1  
  59  8:41  Probe x2  
  61  8:49  Twilight Council  
  61  9:02  Void Ray  
  65  9:14  Void Ray  
  69  9:28  Stalker  
  69  9:29  Stalker  
  73  9:32  Nexus  
  73  9:41  Charge  
  73  9:43  Robotics Facility  
  73  9:48  Probe x2  
  75  10:06  Probe x2  
  77  10:18  Probe  
  78  10:28  Pylon  
  78  10:32  Probe  
  78  10:46  Probe x2  
  66  10:58  Probe  
  53  11:16  Stalker  
  53  11:17  Stalker  
Show
View Real Time Build Order
Export as new Build Order

Nintendoss Terran - Winner!

Build Orders: Reaper Expand, Mech 

Get SALT Encoding   

  12  0:01  SCV  
  13  0:13  SCV  
  14  0:21  Supply Depot  
  14  0:25  SCV  
  15  0:43  SCV  
  15  0:44  Barracks  
  15  0:46  Refinery  
  16  0:55  SCV  
  17  1:07  SCV  
  18  1:19  SCV  
  19  1:31  Orbital Command  
  19  1:32  Reaper  
  20  1:55  Supply Depot  
  20  1:57  SCV, Command Center  
  21  2:07  Factory  
  21  2:11  Refinery  
  21  2:13  SCV  
  22  2:25  SCV  
  23  2:30  Barracks Reactor  
  23  2:37  SCV  
  24  2:49  SCV  
  24  2:50  Factory Tech Lab  
  25  2:51  Engineering Bay  
  25  3:01  SCV  
  26  3:06  Marine x2  
  26  3:10  Siege Tank  
  31  3:13  SCV, Orbital Command  
  32  3:25  Barracks  
  32  3:27  Barracks  
  32  3:39  SCV  
  33  3:42  SCV, Siege Tank  
  37  3:49  Engineering Bay  
  37  3:54  Terran Infantry Weapons Level 1  
  37  3:58  SCV x2  
  39  4:10  SCV x2  
  39  4:13  Barracks Tech Lab  
  39  4:14  Barracks Reactor  
  39  4:16  Supply Depot  
  41  4:17  Supply Depot  
  41  4:19  Marine x2  
  41  4:22  Terran Infantry Armor Level 1  
  43  4:31  Armory  
  43  4:34  SCV  
  43  4:35  SCV  
  45  4:40  Refinery  
  45  4:49  SCV x2  
  47  4:53  Marauder  
  47  4:54  Marine x4  
  47  4:58  Siege Tank  
  56  5:04  SCV x2  
  56  5:05  Refinery  
  58  5:11  Marine  
  59  5:16  SCV x2  
  61  5:22  Armory  
  61  5:26  Terran Vehicle Weapons Level 1  
  61  5:29  SCV  
  62  5:59  SCV  
  59  6:12  Marine x3  
  59  6:16  Supply Depot  
  62  6:18  Supply Depot  
  62  6:23  Combat Shield  
  62  6:26  Terran Infantry Weapons Level 2  
  62  6:37  Marine  
  62  6:38  SCV x2, Marauder  
  67  6:41  Factory  
  67  6:43  Factory  
  67  6:50  SCV x2  
  69  7:02  SCV  
  70  7:09  Terran Vehicle And Ship Armor Level 1  
  70  7:11  Marine x4  
  70  7:13  Marauder  
  76  7:25  Factory Tech Lab  
  76  7:26  Factory Tech Lab  
  76  7:32  Supply Depot  
  76  7:33  Supply Depot  
  76  7:39  Marine x3  
  76  7:40  Marine  
  76  7:41  Concussive Shells, Marauder  
  76  7:44  Command Center  
  82  7:48  Refinery  
  82  7:54  Thor x2  
  82  7:55  Thor  
  100  8:08  Terran Vehicle Weapons Level 2  
  100  8:12  Refinery  
  100  8:14  Supply Depot  
  100  8:15  Supply Depot  
  100  8:36  Thor  
  80  9:16  Thor  
  86  9:17  Thor  
  86  9:22  Planetary Fortress  
  92  9:24  SCV  
  92  9:26  SCV  
  92  9:29  Thor  
  100  9:36  SCV, Supply Depot, Stimpack  
  100  9:38  Supply Depot  
  101  9:49  Terran Vehicle And Ship Armor Level 2  
  101  9:53  Supply Depot  
  101  10:00  Supply Depot  
  101  10:01  Thor  
  101  10:02  Supply Depot, Thor  
  113  10:20  Thor  
  113  11:13  Thor  
  113  11:15  Thor x2  
  131  11:35  Factory  
  131  11:38  Factory  
Show
View Real Time Build Order
Export as new Build Order

moe Terran - Winner!

Build Orders:  

Get SALT Encoding   

  12  0:05  SCV  
  13  0:25  SCV  
  14  0:36  Supply Depot  
  14  0:37  SCV  
  15  0:58  SCV  
  16  1:04  Barracks  
  16  1:10  SCV  
  17  1:22  SCV  
  18  1:34  SCV  
  19  1:43  Command Center  
  19  1:46  SCV  
  20  1:58  SCV  
  21  2:04  Refinery  
  21  2:10  SCV  
  22  2:22  SCV  
  23  2:31  Refinery  
  23  2:46  Supply Depot  
  23  2:55  SCV  
  24  2:59  SCV  
  25  3:07  SCV  
  25  3:09  Supply Depot  
  25  3:11  SCV  
  27  3:19  SCV  
  28  3:23  SCV  
  29  3:33  Supply Depot  
  29  3:35  SCV  
  29  3:38  Factory  
  30  3:47  SCV  
  31  3:53  Refinery  
  31  3:56  Supply Depot  
  31  3:59  SCV  
  32  4:11  SCV x2  
  34  4:20  Supply Depot  
  34  4:23  SCV  
  35  4:29  Refinery  
  35  4:30  Factory Tech Lab  
  35  4:36  SCV  
  36  4:48  SCV  
  37  5:00  SCV  
  38  5:09  Armory  
  38  5:11  Marine  
  36  5:37  Factory  
  35  6:03  Thor  
  41  6:23  SCV  
  42  6:27  Factory Tech Lab  
  42  6:33  Terran Vehicle And Ship Armor Level 1  
  42  6:35  SCV  
  42  6:43  Factory  
  33  6:50  Supply Depot  
  33  7:08  Thor  
  39  7:09  Thor  
  39  7:13  Supply Depot  
  45  7:29  Factory Tech Lab  
  45  7:40  Factory  
  45  8:27  Terran Vehicle Weapons Level 1  
  45  9:48  Factory Tech Lab  
  45  9:50  Thor  
  51  9:52  Thor  
  51  9:56  Factory Tech Lab  
  57  10:09  Thor  
  63  10:33  Thor  
  69  10:35  Thor  
Show
View Real Time Build Order
Export as new Build Order

Drakenfire Zerg - Winner!

Build Orders: Pool First 

Get SALT Encoding   

  12  0:02  Drone  
  13  0:12  Overlord  
  13  0:17  Drone  
  14  0:30  Drone  
  14  0:31  Drone  
  16  0:43  Spawning Pool  
  16  0:45  Drone  
  17  0:50  Drone  
  17  0:53  Extractor  
  17  0:56  Drone  
  17  1:07  Drone  
  18  1:18  Drone  
  19  1:29  Drone  
  19  1:30  Queen  
  22  1:49  Overlord  
  22  1:51  Hatchery  
  22  1:53  Metabolic Boost  
  21  2:02  Overlord  
  21  2:05  Zergling x2  
  22  2:11  Zergling x2  
  24  2:22  Zergling x2  
  24  2:38  Zergling x2  
  24  2:39  Zergling x6  
  28  2:48  Zergling x2  
  29  2:57  Zergling x2  
  30  3:07  Zergling x2  
  30  3:11  Zergling x6  
  34  3:15  Queen  
  34  3:16  Drone x2  
  38  3:20  Drone  
  38  3:21  Lair  
  39  3:27  Roach Warren  
  30  5:12  Drone  
  30  5:13  Drone x2  
  28  5:16  Roach x4  
  28  5:17  Roach  
  38  5:21  Extractor  
  38  5:25  Evolution Chamber  
  38  5:26  Drone  
  38  5:27  Evolution Chamber, Glial Reconstitution  
  36  5:34  Drone  
  37  5:37  Extractor  
  37  5:38  Drone  
  37  5:47  Drone  
  37  5:48  Drone x2  
  37  5:49  Drone  
  41  5:51  Zerg Missile Weapons Level 1  
  41  5:53  Zerg Ground Armor Level 1  
  41  5:58  Drone x3  
  44  6:12  Overlord x2  
  44  6:19  Overlord  
  44  6:31  Drone  
  45  6:33  Roach x3  
  45  6:37  Roach x2  
  45  6:38  Roach x3  
  59  7:02  Drone x2  
  61  7:08  Drone  
  61  7:09  Drone x2  
  61  7:10  Extractor  
  63  7:18  Roach x2  
  63  7:20  Overlord x2  
  63  7:21  Overlord  
  67  7:37  Hydralisk Den  
  67  7:40  Roach x2  
  70  7:44  Roach x3  
  70  7:47  Roach x3  
  70  7:48  Roach x3  
  70  7:50  Ravager x3  
  70  7:51  Ravager  
  92  8:00  Overlord x2  
  92  8:05  Zerg Missile Weapons Level 2  
  92  8:16  Zerg Ground Armor Level 2  
  92  8:20  Ravager  
  92  8:22  Drone x3  
  96  8:29  Muscular Augments  
  96  8:37  Drone x3  
  99  8:49  Roach x4  
  99  8:52  Overlord x2  
  99  8:53  Overlord  
  107  9:07  Overlord x2  
  107  9:13  Hydralisk x4  
  115  9:38  Hydralisk  
  115  9:39  Hydralisk x2  
  115  9:40  Grooved Spines  
  121  10:07  Hydralisk x6  
  121  10:12  Roach  
  121  10:13  Roach x2  
  139  10:14  Hydralisk x3  
  139  10:19  Hydralisk  
  147  10:21  Overlord  
  147  10:23  Overlord  
  90  11:17  Roach x3  
  90  11:18  Roach x3  
  102  11:22  Overseer x2  
  102  11:26  Roach x5  
Tags
 
Add a new tag
Caveats
  • Supply blocks, unpowered buildings, or Contaminate may cause inaccurate times.
  • Supply counts are checked every 10 seconds.